 Dungeon Crawl Stone Soup version 0.30-a0-1112-gfb780f5df6 (webtiles) character file.

Game seed: 7135578433166642996

272533 LustLizard the Scorcher (level 19, -17/116 HPs)
             Began as a Deep Elf Air Elementalist on Apr 20, 2023.
             Was the Champion of Vehumet.
             Killed from afar by a crystal guardian (21 damage)
             ... with a crystal bolt
             ... led by a peacekeeper
             ... on level 4 of the Vaults.
             The game lasted 02:00:27 (56869 turns).

LustLizard the Scorcher (DEAE)                     Turns: 56869, Time: 02:00:28

Health: -17/116    AC: 21    Str:  9    XL:     19   Next: 48%
Magic:  43/46      EV: 14    Int: 25    God:    Vehumet [******]
Gold:   1784       SH:  6    Dex: 15    Spells: 6/43 levels left

rFire   . . .      SeeInvis .    p - staff of conjuration
rCold   . . .      Faith    .    E - +0 buckler
rNeg    . . .      Spirit   .    P - +4 swamp dragon scales
rPois   +          Reflect  .    y - +0 helmet
rElec   .          Rampage  .    C - +0 cloak
rCorr   .                        R - +0 pair of gloves
Will    +....                    V - +2 pair of boots {Fly}
Stlth   ++                       b - amulet of magic regeneration
HPRegen 0.39/turn                c - +4 ring of protection
MPRegen 0.70/turn                v - ring of magical power

@: brilliant, flying
A: no striking features
}: 2/15 runes: serpentine, barnacled
a: Renounce Religion


You were on level 4 of the Vaults.
You worshipped Vehumet.
Vehumet was exalted by your worship.
You visited 6 branches of the dungeon, and saw 34 of its levels.
You visited 1 bazaar.
You also visited: Sewer and Ice Cave.

You collected 3153 gold pieces.
You spent 1369 gold pieces at shops.

Inventory:

Missiles
 a - 5 throwing nets
Armour
 k - the +0 leather armour "Toory" {rC+ Regen+ Dex-4}
   (You found it on level 2 of the Lair of Beasts)

   Dex:       It affects your dexterity (-4).
   rC:        It protects you from cold.
   Regen:     It increases your rate of health regeneration.
 o - a +2 robe of willpower
 y - a +0 helmet (worn)
 C - a +0 cloak (worn)
 E - a +0 buckler (worn)
 P - +4 swamp dragon scales (worn)
 Q - +1 acid dragon scales
 R - a +0 pair of gloves (worn)
 T - the scarf of the Barnacle {repulsion, rF+++ Will- rCorr Str+2}
   (You acquired it on level 3 of the Snake Pit)

   Str:       It affects your strength (+2).
   rF:        It renders you almost immune to fire.
   rCorr:     It protects you from acid and corrosion.
   Will:      It decreases your willpower.
 V - a +2 pair of boots of flying (worn)
Magical Staves
 p - a staff of conjuration (weapon)
Jewellery
 b - an amulet of magic regeneration (around neck)
 c - a +4 ring of protection (left hand)
 l - the ring "Wismeit" {rElec rN+}
   (You found it on level 4 of the Shoals)

   [ring of positive energy]

   rElec:     It insulates you from electricity.
   rN:        It protects you from negative energy.
 s - a ring of fire
 t - a ring of protection from cold
 v - a ring of magical power (right hand)
 x - an amulet of reflection
 I - a ring of fire
 O - a ring of flight
 S - a +5 ring of evasion
 U - a ring of willpower
 X - a ring of positive energy
 Z - a +6 ring of intelligence
Wands
 n - a wand of roots (27)
 q - a wand of flame (23)
 F - a wand of paralysis (7)
 G - a wand of digging (7)
 M - a wand of light (15)
Scrolls
 e - a scroll of fog
 f - 7 scrolls of teleportation
 i - a scroll of poison
 j - 2 scrolls of fear
 r - 3 scrolls of magic mapping
 w - 6 scrolls of amnesia
 L - 5 scrolls of immolation
 N - 4 scrolls of butterflies
 Y - a scroll of silence
Potions
 d - a potion of haste
 h - 7 potions of curing
 m - 4 potions of cancellation
 u - 3 potions of heal wounds
 z - 7 potions of invisibility
 A - 6 potions of brilliance
 B - 3 potions of mutation
 D - 4 potions of might
 J - 5 potions of flight
 W - 2 potions of resistance
Miscellaneous
 g - a lightning rod (4/4)
 H - a phantom mirror
 K - a box of beasts


   Skills:
 + Level 11.8 Fighting
 - Level 11.0 Dodging
 - Level 5.8 Stealth
 - Level 6.6 Shields
 - Level 12.9 Spellcasting
 + Level 15.6 Conjurations
 - Level 4.0 Hexes
 + Level 3.3 Translocations
 * Level 20.5 Fire Magic
 - Level 15.6 Air Magic
 + Level 11.2 Evocations


You had 6 spell levels left.
You knew the following spells:

 Your Spells              Type           Power      Damage    Failure   Level
a - Shock                 Conj/Air       100%       1d9       0%          1
b - Magic Dart            Conj           100%       1d8       0%          1
c - Static Discharge      Conj/Air       100%       2-7/arc   1%          2
d - Swiftness             Air            96%        N/A       1%          3
e - Foxfire               Conj/Fire      100%       2x1d9     0%          1
f - Airstrike             Air            48%        2d(7-23)  1%          4
g - Fireball              Conj/Fire      63%        3d24      1%          5
h - Tukima's Dance        Hex            53%        N/A       8%          3
i - Plasma Beam           Fire/Air       51%        2x1d72    1%          6
j - Blink                 Tloc           98%        N/A       4%          2
k - Fire Storm            Conj/Fire      63%        8d16      87%         9

Your spell library contained the following spells:

 Spells                   Type           Power      Damage    Failure   Level
 Ignition                 Fire           54%        3d15      5%          8
 Maxwell's Capacitive Co  Air            48%        ∞         34%         8
 Lehudib's Crystal Spear  Conj/Erth      45%        10d11     100%        8
 Poisonous Vapours        Pois/Air       100%       N/A       1%          2
 Searing Ray              Conj           100%       2d8       1%          2
 Hailstorm                Conj/Ice       90%        3d18      1%          3
 Mephitic Cloud           Conj/Pois/Air  100%       N/A       1%          3
 Fulminant Prism          Conj/Hex       49%        3d21      1%          4
 Starburst                Conj/Fire      63%        6d17      1%          6
 Slow                     Hex            100%       N/A       2%          1
 Apportation              Tloc           98%        N/A       3%          1
 Irradiate                Conj/Tmut      45%        3d26      4%          5
 Ensorcelled Hibernation  Hex/Ice        78%        N/A       9%          2
 Portal Projectile        Hex/Tloc       100%       N/A       9%          3
 Gell's Gravitas          Tloc           49%        N/A       10%         3
 Teleport Other           Tloc           49%        N/A       10%         3
 Necrotise                Necr           96%        1d8       14%         1
 Sting                    Tmut/Pois      96%        1d7       14%         1
 Summon Small Mammal      Summ           96%        N/A       14%         1
 Call Imp                 Summ           48%        N/A       21%         2
 Olgreb's Toxic Radiance  Pois           24%        N/A       32%         4
 Call Canine Familiar     Summ           24%        N/A       38%         3
 Spider Form              Tmut/Pois      24%        N/A       38%         3
 Anguish                  Hex/Necr       19%        N/A       52%         4
 Leda's Liquefaction      Hex/Erth       19%        N/A       52%         4
 Lee's Rapid Deconstruct  Erth           12%        3d8*      65%         5
 Animate Dead             Necr           24%        N/A       80%         4
 Ice Form                 Ice/Tmut       24%        N/A       80%         4
 Petrify                  Tmut/Erth      24%        N/A       80%         4
 Metabolic Englaciation   Hex/Ice        19%        N/A       86%         5
 Summon Forest            Summ/Tloc      18%        N/A       88%         5
 Alistair's Intoxication  Tmut/Pois      16%        N/A       98%         5
 Blade Hands              Tmut           12%        N/A       98%         5
 Borgnjor's Vile Clutch   Necr/Erth      12%        N/A       98%         5
 Dispersal                Tloc           24%        N/A       99%         6
 Death Channel            Necr           12%        N/A       100%        6
 Simulacrum               Ice/Necr       12%        N/A       100%        6
 Statue Form              Tmut/Erth      16%        N/A       100%        6
 Chain Lightning          Conj/Air       59%        3d79      99%         9
 Dragon Form              Tmut           12%        N/A       100%        7
 Haunt                    Necr/Summ      12%        N/A       100%        7
 Ozocubu's Refrigeration  Ice            12%        4d10      100%        7
 Dragon's Call            Summ           12%        N/A       100%        9
 Polar Vortex             Ice            12%        N/A       100%        9
 Shatter                  Erth           12%        3d13*     100%        9


Dungeon Overview and Level Annotations

Branches:
Dungeon (15/15)            Temple (0/1) D:7            Lair (5/5) D:10
 Shoals (4/4) Lair:3        Snake (4/4) Lair:3        Slime (0/5) Lair:5
    Orc (2/2) D:10            Elf (0/3) Orc:2        Vaults (3/5) D:13
  Crypt (0/3) Vaults:2     Depths (0/4) D:15          Sewer (visited)
  IceCv (visited)

Altars:
Cheibriados
Dithmenos
Gozag
Nemelex Xobeh
Okawaru
Trog
Uskayaw
Vehumet
Wu Jian
Xom
Yredelemnul
The Shining One

Shops:
D:4 (   D:6 [   D:12 *   D:14 :   Orc:2 :[:?   Snake:2 *   Snake:4 (*[

Annotations:
D:8 3 runed translucent doors, Darkkill's ghost, novice MiHu
Vaults:3 Nikola; Xtahua


Message History

The floor.
Okay, then.
Casting: Plasma Beam (mildly dangerous; 1% risk of failure)
Confirm with . or Enter, or press ? or * to list all spells.
Okay, then.
Casting: Plasma Beam (mildly dangerous; 1% risk of failure)
Confirm with . or Enter, or press ? or * to list all spells.
You feel a surge of power!
You blink.
Casting: Blink (safe; 4% risk of failure)
Confirm with . or Enter, or press ? or * to list all spells.
Aiming: Airstrike (safe; 1% risk of failure)
Press: ? - help, Dir - move target, f - crystal guardian
Aim: a crystal guardian (strong, empty space bonus: 4/8)
You feel a surge of power!
The air twists around and strikes the crystal guardian but does no damage.
You are no longer corroded.
Unknown command.
Casting: Airstrike (safe; 1% risk of failure)
Confirm with . or Enter, or press ? or * to list all spells.
Aiming: Airstrike (safe; 1% risk of failure)
Press: ? - help, Dir - move target, f/p - crystal guardian
Aim: a crystal guardian (translocational energy, strong, empty space bonus: 4/8)
You feel a surge of power!
The air twists around and strikes the crystal guardian.
The crystal guardian is lightly damaged.
Casting: Airstrike (safe; 1% risk of failure)
Confirm with . or Enter, or press ? or * to list all spells.
Aiming: Airstrike (safe; 1% risk of failure)
Press: ? - help, Dir - move target, f/p - crystal guardian
Aim: a crystal guardian (lightly damaged, strong, empty space bonus: 6/8)
Okay, then.
Casting: Airstrike (safe; 1% risk of failure)
Confirm with . or Enter, or press ? or * to list all spells.
Okay, then.
Casting: Airstrike (safe; 1% risk of failure)
Confirm with . or Enter, or press ? or * to list all spells.
You feel a surge of power!
You blink.
The crystal guardian fires a crystalline bolt at you.
The crystal bolt freezes you!!
You die...

#.# #.# . ###.#
..#+ ##.#$#
..... ##..####
#.....##......#
')..[[')9.§...#
#....[##......#
†.... ##.@####
.)#+ ##.#$# † #
###.# #.# #.#
..# .#


You could see a crystal guardian (strong).

Vanquished Creatures
  Bai Suzhen (Snake:3)
  Vashnia (Snake:3)
  A kraken (Shoals:4)
  Kirke (Lair:2)
  2 sphinxes
  Donald (Orc:2)
  7 nagarajas (Snake:4)
  7 vault wardens
  A frost giant (D:15)
  2 orc warlords
  10 ironbound preservers
  A war gargoyle (Vaults:4)
  2 very ugly things (Vaults:1)
  3 ironbound thunderhulks (Vaults:2)
  12 dire elephants
  3 minotaurs (Shoals:4)
  A merfolk javelineer (Shoals:3)
  A jiangshi (Vaults:2)
  5 merfolk impalers
  An ettin (Orc:2)
  Fannar (D:11)
  3 entropy weavers
  4 great orbs of eyes
  A deep elf high priest (Vaults:2)
  4 yaktaur captains
  A peacekeeper (Vaults:4)
  5 hydras
  6 vault guards
  An ice dragon (IceCv)
  2 salamander tyrants
  5 merfolk avatars
  8 anacondas
  6 two-headed ogres
  13 ironbound frosthearts
  13 satyrs
  An ogre mage (D:15)
  A catoblepas (Lair:5)
  6 centaur warriors
  6 boulder beetles
  2 merfolk aquamancers (Shoals:3)
  3 death yaks (Lair:5)
  10 naga warriors
  A deep troll shaman (Lair:5)
  3 tengu warriors
  A death knight (D:14)
  Urug (Lair:5)
  A sun demon (D:10)
  2 shock serpents
  14 naga sharpshooters
  Sonja (Lair:3)
  Amaemon (D:11)
  3 salamander mystics
  A skeletal warrior (D:10)
  6 skysharks
  26 deep trolls
  9 sea snakes
  4 wizards
  Pikel (D:9)
  A shadow dragon zombie (Vaults:3)
  32 harpies
  14 lindwurms
  4 naga ritualists
  12 ironbound convokers
  2 phantasmal warriors
  8 orc knights
  2 necromancers
  2 orc sorcerers (Orc:2)
  14 ugly things
  A deep elf pyromancer (D:14)
  12 salamanders
  13 manticores
  7 mana vipers
  6 cyclopes
  2 guardian serpents
  7 elephants
  7 merfolk sirens
  11 fauns
  30 black mambas
  5 naga magi
  2 ice statues (IceCv)
  An orange demon (D:11)
  12 vault sentinels
  2 torpor snails (Lair:5)
  A gargoyle (D:12)
  6 cane toads
  5 water nymphs
  Maggie (Lair:2)
  2 unseen horrors (D:12)
  22 yaktaurs
  9 komodo dragons
  A tengu conjurer (D:14)
  An efreet (D:13)
  A freezing wraith (Vaults:2)
  8 rime drakes
  An ice devil (D:10)
  4 polar bears
  A hellwing (D:10)
  3 trolls
  6 wind drakes
  A red devil (D:10)
  19 merfolk
  A tarantella (Vaults:2)
  8 blink frogs
  A deep troll zombie (Vaults:3)
  7 snapping turtles
  10 dream sheep
  40 slime creatures
  11 water elementals
  2 shadows
  6 wraiths
  5 wyverns
  An elf zombie (Vaults:3)
  32 yaks
  2 basilisks
  Eustachio (D:5)
  2 humans (Lair:3)
  Grum (D:9)
  4 vampire mosquitoes (D:14)
  2 steam dragons
  A chaos spawn (D:10)
  3 redbacks
  3 wargs
  33 nagas
  3 acid dragons
  17 water moccasins
  34 orc warriors
  A sky beast (D:5)
  5 ogres
  5 black bears
  2 ice beasts
  23 centaurs
  18 wolves
  4 boggarts (Vaults:1)
  8 kobold brigands
  10 bullfrogs
  7 gnoll sergeants
  2 scorpions
  A water moccasin zombie (D:5)
  10 wights
  A water moccasin skeleton (D:5)
  19 killer bees
  6 howler monkeys
  2 jellies (D:6)
  7 electric eels
  A centaur zombie (D:5)
  A quasit (D:10)
  3 bullfrog zombies (D:5)
  7 komodo dragon simulacra (IceCv)
  13 orc priests
  4 gnoll boudas (D:8)
  9 hounds
  Terence (D:2)
  An iguana (D:5)
  2 scorpion zombies (D:5)
  18 orc wizards
  6 hell rats (Lair:5)
  A hound zombie (D:5)
  A mummy (D:5)
  35 gnolls
  18 river rats
  6 acid dragon simulacra (IceCv)
  16 adders
  3 shadow imps
  A white imp (D:6)
  An ufetubus (D:5)
  8 steam dragon simulacra (IceCv)
  4 worms (D:2)
  3 dart slugs
  85 orcs
  4 endoplasms
  6 giant cockroaches
  6 goblins
  9 hobgoblins
  12 jackals
  58 kobolds
  2 quokkas
  11 ball pythons
  9 bats
  3 frilled lizards
  A goblin skeleton (D:7)
  3 hobgoblin zombies (D:7)
  A kobold skeleton (D:7)
  3 orc skeletons (D:7)
  An orc zombie (D:7)
  32 rats
1311 creatures vanquished.

Vanquished Creatures (collateral kills)
  An ironbound preserver (Vaults:1)
  An ironbound convoker (Vaults:1)
2 creatures vanquished.

Vanquished Creatures (others)
  A yaktaur (Vaults:3)
  A human (Lair:3)
  An orc warrior (Orc:2)
  2 bushes (Lair:5)
  3 demonic plants (D:10)
  57 foxfires
  70 fungi
  15 pillars of salt (Vaults:1)
  128 plants
  2 withered plants (D:5)
280 creatures vanquished.

Grand Total: 1593 creatures vanquished

Notes
Turn   | Place    | Note
-------+----------+-------------------------------------------
     0 | D:1      | LustLizard the Deep Elf Air Elementalist began the quest
                  | for the Orb.
     0 | D:1      | Reached XP level 1. HP: 10/10 MP: 6/6
   235 | D:1      | Learned a level 1 spell: Magic Dart
   483 | D:1      | Reached XP level 2. HP: 16/16 MP: 5/8
   847 | D:1      | Learned a level 2 spell: Static Discharge
  1019 | D:1      | Reached XP level 3. HP: 20/20 MP: 7/9
  1439 | D:2      | Learned a level 3 spell: Swiftness
  1900 | D:2      | Noticed Terence
  2467 | D:2      | Reached XP level 4. HP: 19/24 MP: 0/11
  2758 | D:2      | Killed Terence
  2759 | D:2      | Reached skill level 1 in Fighting
  3327 | D:3      | Reached XP level 5. HP: 29/29 MP: 9/12
  3348 | D:3      | Found a shimmering altar of Xom.
  3381 | D:3      | Found a bloodstained altar of Trog.
  3506 | D:3      | Learned a level 1 spell: Foxfire
  3973 | D:4      | Found Ilolirr's Weapon Shoppe.
  4105 | D:4      | Found a glowing drain.
  4212 | D:4      | Reached skill level 1 in Fire Magic
  4242 | Sewer    | Entered a sewer
  4300 | Sewer    | Reached XP level 6. HP: 34/34 MP: 14/14
  4622 | Sewer    | Reached skill level 2 in Fire Magic
  5259 | D:4      | Reached XP level 7. HP: 39/39 MP: 15/15
  5296 | D:4      | Learned a level 4 spell: Airstrike
  5613 | D:5      | Entered Level 5 of the Dungeon
  5642 | D:5      | Found a snail-covered altar of Cheibriados.
  5816 | D:5      | Noticed Eustachio
  5909 | D:5      | Reached skill level 3 in Fire Magic
  5909 | D:5      | Reached skill level 5 in Air Magic
  6264 | D:5      | Reached skill level 5 in Conjurations
  6267 | D:5      | Reached skill level 5 in Spellcasting
  6267 | D:5      | Reached XP level 8. HP: 28/44 MP: 12/17
  6525 | D:5      | Reached skill level 5 in Stealth
  7099 | D:5      | Killed Eustachio
  7100 | D:5      | Reached skill level 4 in Fire Magic
  7100 | D:5      | Reached skill level 1 in Evocations
  7418 | D:6      | Found a radiant altar of Vehumet.
  7440 | D:6      | Became a worshipper of Vehumet
  7644 | D:6      | Reached skill level 5 in Fire Magic
  7648 | D:6      | HP: 1/45 [/static electricity (3)]
  7910 | D:6      | Reached XP level 9. HP: 50/50 MP: 18/19
  8137 | D:6      | Learned a level 5 spell: Fireball
  8262 | D:6      | Found Sosisumn's Antique Armour Boutique.
  8775 | D:7      | Reached * piety under Vehumet
  8775 | D:7      | Offered knowledge of Freeze by Vehumet.
  9458 | D:7      | Found a staircase to the Ecumenical Temple.
  9647 | D:7      | Reached skill level 6 in Fire Magic
  9749 | D:7      | Reached ** piety under Vehumet
  9749 | D:7      | Offered knowledge of Scorch by Vehumet.
  9831 | D:7      | Found a glowing golden altar of the Shining One.
  9962 | D:7      | Found a sparkling altar of Nemelex Xobeh.
  9963 | D:7      | Found an ornate altar of the Wu Jian Council.
 10284 | D:8      | Found a hide-covered altar of Uskayaw.
 10705 | D:8      | Found a runed translucent gate.
 10705 | D:8      | Found a runed translucent gate.
 10705 | D:8      | Found a runed translucent gate.
 10707 | D:8      | Noticed Darkkill's ghost (novice MiHu)
 10707 | D:8      | Noticed an 11-headed hydra
 10911 | D:8      | Offered knowledge of Volatile Blastmotes by Vehumet.
 11021 | D:8      | Reached *** piety under Vehumet
 11292 | D:8      | Found an iron altar of Okawaru.
 11369 | D:8      | Reached XP level 10. HP: 56/56 MP: 22/22
 11394 | D:8      | Reached skill level 7 in Fire Magic
 11508 | D:8      | Offered knowledge of Dazzling Flash by Vehumet.
 11847 | D:9      | Noticed Grum
 11855 | D:9      | Killed Grum
 12083 | D:9      | Noticed a two-headed ogre
 12386 | D:9      | Reached **** piety under Vehumet
 12685 | D:9      | Noticed a skeletal warrior
 12797 | D:9      | Offered knowledge of Sticky Flame by Vehumet.
 12936 | D:9      | Found a basalt altar of Yredelemnul.
 12975 | D:9      | Noticed Pikel
 12979 | D:9      | Killed Pikel
 12980 | D:9      | Reached skill level 8 in Fire Magic
 13197 | D:9      | Killed a two-headed ogre
 13198 | D:9      | Reached skill level 5 in Evocations
 13641 | D:9      | Noticed a green ugly thing
 13641 | D:9      | Noticed a deep elf pyromancer
 13642 | D:9      | Noticed a gargoyle
 13642 | D:9      | Noticed a gargoyle
 13642 | D:9      | Noticed a wizard
 13651 | D:9      | Noticed a cyclops
 13651 | D:9      | Noticed a boulder beetle
 13651 | D:9      | Noticed a skeletal warrior
 13834 | D:10     | Entered Level 10 of the Dungeon
 13863 | D:10     | Reached XP level 11. HP: 47/62 MP: 19/25
 14034 | D:10     | Found a staircase to the Lair.
 14211 | D:10     | Found an opulent altar of Gozag.
 14242 | D:10     | Reached ***** piety under Vehumet
 14244 | D:10     | Offered knowledge of Lee's Rapid Deconstruction by Vehumet.
 14550 | D:10     | Noticed a sun demon
 14664 | D:10     | Reached skill level 9 in Fire Magic
 14921 | D:10     | Noticed an orc knight
 14927 | D:10     | Learned a level 3 spell: Tukima's Dance
 15214 | D:10     | Noticed a skeletal warrior
 15234 | D:10     | Killed a sun demon
 15235 | D:10     | Reached skill level 5 in Fighting
 15235 | D:10     | Reached skill level 1 in Hexes
 15514 | D:10     | Killed an orc knight
 15663 | D:10     | Killed a skeletal warrior
 15853 | D:10     | Found a staircase to the Orcish Mines.
 16207 | D:11     | Noticed a centaur warrior
 16423 | D:11     | Killed a centaur warrior
 16424 | D:11     | Reached skill level 10 in Fire Magic
 16686 | D:11     | Noticed Fannar
 16693 | D:11     | Killed Fannar
 16944 | D:11     | Noticed Amaemon
 16951 | D:11     | Killed Amaemon
 17379 | D:12     | Found Rata's General Store.
 17385 | D:12     | Bought a scroll of identify for 26 gold pieces
 17385 | D:12     | Bought a scroll of identify for 26 gold pieces
 17505 | D:12     | Noticed a boulder beetle
 17565 | Lair:1   | Entered Level 1 of the Lair of Beasts
 17573 | Lair:1   | Learned a level 6 spell: Plasma Beam
 17693 | Lair:1   | Reached XP level 12. HP: 69/69 MP: 25/27
 17787 | Lair:1   | Got the Book of Congregated Iniquitous Magic
 18334 | Lair:1   | Reached skill level 1 in Shields
 18621 | Lair:1   | Found a radiant altar of Vehumet.
 19082 | Lair:2   | Reached skill level 11 in Fire Magic
 19270 | Lair:2   | Reached skill level 10 in Spellcasting
 19401 | Lair:2   | Noticed Maggie
 19408 | Lair:2   | Killed Maggie
 20046 | Lair:2   | Identified the +0 leather armour "Toory" {rC+ Regen+ Dex-4}
 20500 | Lair:3   | Found a staircase to the Snake Pit.
 20691 | Lair:3   | Offered knowledge of Flame Wave by Vehumet.
 20842 | Lair:3   | Noticed Sonja
 20847 | Lair:3   | Killed Sonja
 20991 | Lair:3   | Noticed Kirke
 20992 | Lair:3   | Noticed a boulder beetle
 20998 | Lair:2   | Noticed a sphinx
 20999 | Lair:2   | Killed Kirke
 21000 | Lair:2   | Reached skill level 10 in Air Magic
 21078 | Lair:3   | Killed a boulder beetle
 21217 | Lair:3   | Reached XP level 13. HP: 75/75 MP: 22/29
 21460 | Lair:3   | Found a staircase to the Shoals.
 21663 | Lair:4   | Reached skill level 5 in Dodging
 22063 | Lair:4   | Reached skill level 12 in Fire Magic
 22346 | Lair:4   | Reached skill level 10 in Conjurations
 23349 | Lair:5   | Entered Level 5 of the Lair of Beasts
 23927 | Lair:5   | Noticed Urug
 23930 | Lair:5   | Killed Urug
 25174 | Lair:5   | Found a staircase to the Slime Pits.
 25662 | Lair:5   | Offered knowledge of Conjure Ball Lightning by Vehumet.
 26367 | Lair:5   | Reached XP level 14. HP: 82/82 MP: 24/31
 26374 | Lair:5   | Reached skill level 13 in Fire Magic
 26632 | Lair:5   | Got Yghu's Octavo of Captivating Invitation
 28261 | D:13     | Found a gate to the Vaults.
 29628 | D:14     | Found Oxad's Book Shop.
 29899 | D:14     | Found a shadowy altar of Dithmenos.
 30034 | D:15     | Entered Level 15 of the Dungeon
 30308 | D:15     | Offered knowledge of Orb of Destruction by Vehumet.
 30840 | D:15     | Reached skill level 5 in Shields
 31205 | D:15     | Noticed a frost giant
 31208 | D:15     | Killed a frost giant
 31209 | D:15     | Reached skill level 14 in Fire Magic
 31315 | D:15     | Found a staircase to the Depths.
 31494 | Orc:1    | Entered Level 1 of the Orcish Mines
 31938 | Orc:1    | Noticed an orc warlord
 32037 | Orc:1    | Killed an orc warlord
 32559 | Orc:2    | Entered Level 2 of the Orcish Mines
 32573 | Orc:2    | Reached XP level 15. HP: 88/88 MP: 15/33
 32736 | Orc:2    | Found a flickering gateway to a bazaar.
 32753 | Bazaar   | Entered a bazaar
 32753 | Bazaar   | Found Laac's Antique Armour Boutique.
 32753 | Bazaar   | Found Kebbeg's Antique Weapon Shop.
 32753 | Bazaar   | Found Tikig's Armour Shop.
 32765 | Bazaar   | Bought a glowing robe for 59 gold pieces
 32767 | Bazaar   | Bought a sapphire hand axe for 144 gold pieces
 32767 | Bazaar   | Identified the +6 hand axe of the Revolution {flame, Contam
                  | rElec Str+6 Int+3} (You bought it in a shop in a bazaar)
 32919 | Orc:2    | Found a frozen archway.
 32946 | IceCv    | Entered an ice cave
 33125 | IceCv    | Identified the +7 arbalest of Charming Dismemberment
                  | {heavy, rPois rC+ Int-3 Stlth+}
 33470 | IceCv    | Offered knowledge of Freezing Cloud by Vehumet.
 34368 | Orc:2    | Found a staircase to the Elven Halls.
 34519 | Orc:2    | Noticed Donald
 34522 | Orc:2    | Killed Donald
 34626 | Orc:2    | Found Ararid's Book Shoppe.
 34626 | Orc:2    | Found Onnefat's Armour Shop.
 34628 | Orc:2    | Found Uwopaclau's Book Boutique.
 34630 | Orc:2    | Found Wucureg's Magic Scroll Emporium.
 34637 | Orc:2    | Bought the Octavo of Frigorific Orientation for 392 gold
                  | pieces
 34642 | Orc:2    | Bought a scroll of enchant armour for 120 gold pieces
 34903 | D:6      | Bought a runed leather armour for 110 gold pieces
 35032 | Shoals:1 | Entered Level 1 of the Shoals
 35036 | Shoals:1 | Learned a level 2 spell: Blink
 36659 | Shoals:2 | Offered knowledge of Spellforged Servitor by Vehumet.
 36773 | Shoals:2 | Reached skill level 15 in Fire Magic
 39043 | Shoals:3 | Reached XP level 16. HP: 95/95 MP: 34/34
 39906 | Shoals:4 | Entered Level 4 of the Shoals
 40087 | Shoals:4 | Offered knowledge of Maxwell's Capacitive Coupling by
                  | Vehumet.
 40586 | Shoals:4 | Reached ****** piety under Vehumet
 40740 | Shoals:4 | Reached skill level 10 in Dodging
 40740 | Shoals:4 | Reached skill level 16 in Fire Magic
 41490 | Shoals:4 | Noticed a sphinx
 41492 | Shoals:4 | Killed a sphinx
 41872 | Shoals:4 | Identified the ring "Wismeit" {rElec rN+}
 41904 | Shoals:4 | Got a barnacled rune of Zot
 41906 | Shoals:4 | Identified the +1 longbow of Plague {speed, rPois rC+ Dex-4
                  | SInv}
 41911 | Shoals:4 | Noticed a kraken
 41920 | Shoals:4 | Killed a kraken
 42643 | Snake:1  | Entered Level 1 of the Snake Pit
 44948 | Snake:2  | Found Yteonoz's General Store.
 45133 | Snake:2  | Reached skill level 17 in Fire Magic
 45225 | Snake:2  | Bought a +1 pair of boots of flying for 297 gold pieces
 45340 | Snake:2  | Reached XP level 17. HP: 101/101 MP: 16/35
 45493 | Snake:2  | Learned a level 9 spell: Fire Storm
 45885 | Snake:3  | Identified a scroll of acquirement
 45936 | Snake:3  | Acquired the scarf of the Barnacle {repulsion, rF+++ Will-
                  | rCorr Str+2}
 46513 | Snake:3  | Noticed Bai Suzhen
 46686 | Snake:3  | Killed Bai Suzhen
 46966 | Snake:3  | Noticed Vashnia
 46978 | Snake:3  | Reached skill level 10 in Fighting
 46985 | Snake:3  | Killed Vashnia
 47363 | Snake:4  | Entered Level 4 of the Snake Pit
 47541 | Snake:4  | Offered knowledge of Lehudib's Crystal Spear by Vehumet.
 47541 | Snake:4  | Offered knowledge of Ignition by Vehumet.
 47541 | Snake:4  | Offered knowledge of Maxwell's Capacitive Coupling by
                  | Vehumet.
 49635 | Snake:4  | Reached skill level 18 in Fire Magic
 49760 | Snake:4  | Found Viosi's Armour Shoppe.
 49764 | Snake:4  | Found Leul's Assorted Antiques.
 49765 | Snake:4  | Found Luilenor's Weapon Shoppe.
 49770 | Snake:4  | Bought a scroll of magic mapping for 195 gold pieces
 51087 | Snake:4  | Got a serpentine rune of Zot
 51344 | Vaults:1 | Entered Level 1 of the Vaults
 51719 | Vaults:1 | Reached XP level 18. HP: 67/108 MP: 19/36
 52123 | Vaults:1 | Reached skill level 15 in Air Magic
 52836 | Vaults:1 | Reached skill level 19 in Fire Magic
 53635 | Vaults:1 | Identified the +2 chain mail "Pioskum" {rPois}
 53689 | Vaults:1 | Reached skill level 10 in Evocations
 54329 | Vaults:2 | Reached skill level 15 in Conjurations
 55295 | Vaults:2 | Reached XP level 19. HP: 115/115 MP: 35/37
 55515 | Vaults:2 | Reached skill level 20 in Fire Magic
 55541 | Vaults:2 | Found a staircase to the Crypt.
 55690 | Vaults:2 | Reached skill level 1 in Translocations
 56170 | Vaults:3 | Noticed Nikola
 56173 | Vaults:3 | Noticed Xtahua
 56174 | Vaults:3 | Paralysed by Xtahua for 5 turns
 56211 | Vaults:3 | HP: 2/116 [deep troll earth mage zombie[a necromancer]
                  | (10)]
 56291 | Vaults:3 | Paralysed by Xtahua for 3 turns
 56584 | Vaults:3 | You are sucked into a shaft and drop 1 floor!
 56855 | Vaults:4 | Paralysed by a sphinx for 2 turns
 56863 | Vaults:4 | HP: 2/116 [crystal guardian/crystal bolt[a peacekeeper]
                  | (57)]
 56869 | Vaults:4 | Killed from afar by a crystal guardian

Illustrated notes

Levels and vault maps discovered:
D:1:      elethiomel_arrival_infinity_welcomes_careful_drivers, layout_rooms,
          eino_curves_02
D:2:      layout_loops_ring, serial_rivers, chequers_serial_rivers_micro_e,
          chequers_serial_rivers_marsh, chequers_serial_rivers_marsh,
          chequers_serial_rivers_micro_d, chequers_serial_rivers_micro_d,
          uniq_terence
D:3:      layout_basic, mainiacjoe_overflow_catwalk_spiral,
          dreamdust_mushroom_princess, kennysheep_generic_room_13
D:4:      layout_rooms, serial_shops, nicolae_square_shop,
          lightli_sewer_entry_pipes, dreamdust_princess_corridor,
          chequers_serial_rivers_micro_d, hangedman_feature_mirror
D:5:      layout_basic, slow_altar_1, serial_undead, serial_undead_e,
          serial_undead_e, serial_undead_e, serial_undead_d, uniq_eustachio
D:6:      layout_basic, nicolae_vehumet_altar_sigil, serial_shops,
          nicolae_shop_peninsula, nicolae_kite_square_tiling_tiny,
          nicolae_figureground_pulse
D:7:      layout_basic, mainiacjoe_overflow_divided_tiny,
          nicolae_tso_besieged_by_evil, minmay_temple_entry_tees
D:8:      layout_cave_pools, okawaru_altar_gauntlet_db, lemuel_tele_altar,
          serial_gnoll_camp, gnoll_camp_medium_01, gnoll_camp_mini_loothouse,
          gnoll_camp_huts_basic, gnoll_camp_mini_hut, gnoll_camp_medium_02,
          gammafunk_ghost_hydra_chop
D:9:      cheibrodos_helix_gallery, layout_basic, yredelemnul_altar_generic,
          minivault_12, uniq_grum, uniq_pikel
D:10:     minmay_bloctagon_deflated, layout_gridville,
          nicolae_gozag_cash_rules_everything_around_me,
          erik_lair_orcish_takeover, hiddenorc1_lemuel, serial_demonic,
          serial_demonic_c, serial_demonic_c, serial_demonic_b, serial_demonic_a
D:11:     layout_cave_pools, minivault_4, uniq_amaemon, uniq_fannar
D:12:     layout_cave_pools, serial_shops, nicolae_shop_just_a_little_nook
D:13:     layout_cross, david_vaults_2
D:14:     layout_roguey, grunt_dithmenos_shadows, serial_shops,
          nicolae_shop_trees
D:15:     grunt_enter_depths_snipers, layout_irregular_city, serial_park_square2
Lair:1:   layout_gridlike, basic_altar, grunt_megastairs_2, lemuel_fruit_fields
Lair:2:   layout_roguey, uniq_maggie
Lair:3:   layout_long_grid, elwin_shoals_entry_stream,
          minmay_snake_entry_guardpost_small, uniq_kirke, uniq_sonja
Lair:4:   layout_hall_layers, serial_bayou_lake_a, grunt_megastairs_4,
          infiniplex_staircase_pool
Lair:5:   grunt_lair_end_beastmaster, layout_regular_city, slime_entry_1,
          kennysheep_abandoned_house, uniq_urug
Shoals:1: layout_shoals, nicolae_shoals_so_close
Shoals:2: layout_shoals
Shoals:3: layout_shoals
Shoals:4: shoals_end_hellmonk_lost_city
Snake:1:  layout_cave_shapes, st_stairs_5
Snake:2:  layout_grid_maze, serial_shops, nicolae_shop_trees
Snake:3:  layout_basic, uniq_vashnia, uniq_bai_suzhen
Snake:4:  minmay_snake_end_coiled, layout_grid_shapes, serial_bayou_shore_a,
          grunt_megastairs_3, minmay_shop_star
Orc:1:    layout_caves, serial_shops, shop, nicolae_shop_real_fake_doors,
          nicolae_square_shop, nicolae_shop_waterfront,
          nicolae_shop_temple_entry_statues_fountains, minmay_orc_barracks
Orc:2:    st_orc_rangers, layout_caves,
          portal_ice_cave_entry_animals_and_master, serial_shops, freezing_bzr,
          statue_in_the_mist_lemuel, uniq_donald
Vaults:1: portal_desolation_entry_garden, nicolae_vaults_network_quinsquares
          [nicolae_vaults_network_quincunx_subvault,
          nicolae_vaults_network_quincunx_subvault,
          nicolae_vaults_network_quincunx_subvault,
          nicolae_vaults_network_quincunx_subvault], grunt_vaults_focal,
          nicolae_vaults_little_squares_4, nicolae_vaults_disjoint_gnomons,
          hangedman_vaults_maws, ontoclasm_vaults_misaligned,
          nicolae_vaults_know_your_exits, v_misc_25, dpeg_vaults_monster_box,
          v_rooms_4, nicolae_vaults_circle_grid_b, hangedman_vaults_unwind,
          ontoclasm_vaults_twist, grunt_vaults_diagonal,
          vaults_dpeg_emergency_exit, layout_vaults_maze_snakey
Vaults:2: v_pattern_5, nicolae_vaults_triangles, nicolae_vaults_circle_grid_b,
          minmay_crypt_entry_simple_plaza, hangedman_vaults_capsules, v_misc_32,
          nicolae_vaults_quartermaster, v_misc_33,
          vaults_room_grunt_arrival_checkpoint, ontoclasm_vaults_ring_small,
          vaults_room_hallway, vaults_room_semicircle, layout_vaults_ring
Vaults:3: st_smaller_cells, nicolae_vaults_twisting_passages, vaults_dpeg_ring,
          v_misc_2, layout_vaults_omnigrid, serial_shops, shop, uniq_zenata,
          uniq_nikola, uniq_jory, uniq_xtahua
Vaults:4: v_misc_10, nicolae_vaults_halls_meeting, nicolae_vaults_arrows,
          nicolae_vaults_little_squares_2, hangedman_vaults_corner_blocks,
          nicolae_vaults_little_ls, hangedman_vaults_restitches, v_misc_13,
          nicolae_vaults_mini_display_case, layout_vaults_chaotic_city,
          uniq_mara

Skill      XL: |  1  2  3  4  5  6  7  8  9 10 11 12 13 14 15 16 17 18 19 |
---------------+----------------------------------------------------------+-----
Conjurations   | 2 3 4 5 6 7 9 10 11 12 13 14 15 | 15.6
Stealth        | 3 4 5 |  5.8
Fighting       | 1 2 3 4 5 6 7 8 9 10 11 | 11.8
Air Magic      | 4 5 6 7 8 10 11 12 13 14 15 | 15.6
Spellcasting   | 4 5 6 8 9 10 11 12 | 12.9
Fire Magic     | 1 2 3 5 6 8 10 11 12 14 15 17 18 19 20 | 20.5
Evocations     | 2 3 5 6 7 9 10 11 | 11.2
Hexes          | 4 |  4.0
Dodging        | 4 6 7 9 11 | 11.0
Shields        | 2 4 5 6 |  6.6
Translocations | 3 |  3.3

Action                     |  1- 3 |  4- 6 |  7- 9 | 10-12 | 13-15 | 16-18 | 19-21 || total
---------------------------+-------+-------+-------+-------+-------+-------+-------++-------
  Melee: Short sword       |    29 |       |       |       |       |       |       ||    29
         Staff             |       |       |     1 |     7 |    37 |    30 |       ||    75
   Cast: Magic Dart        |    29 |    15 |     2 |       |       |       |       ||    46
         Shock             |    93 |   162 |   371 |   267 |    67 |       |       ||   960
         Static Discharge  |     3 |    10 |    49 |     9 |       |       |       ||    71
         Foxfire           |       |       |     7 |       |    27 |       |       ||    34
         Airstrike         |       |       |    23 |   263 |   583 |   688 |    50 ||  1607
         Swiftness         |       |       |     3 |     4 |       |     1 |     1 ||     9
         Fireball          |       |       |       |    20 |    43 |    14 |     4 ||    81
         Tukima's Dance    |       |       |       |     5 |       |       |       ||     5
         Plasma Beam       |       |       |       |    15 |   143 |   235 |    67 ||   460
         Blink             |       |       |       |       |     1 |     2 |     2 ||     5
  Evoke: Wand              |       |     1 |       |       |     9 |    15 |       ||    25
         Phantom mirror    |       |       |       |       |       |     1 |       ||     1
         Box of beasts     |       |       |       |       |       |     1 |       ||     1
    Use: Scroll            |       |       |    10 |    21 |    12 |    15 |     7 ||    65
         Potion            |       |       |       |     3 |     8 |     8 |     5 ||    24
   Stab: Invisible         |       |       |       |       |     1 |       |       ||     1
 Armour: Robe              |    23 |    10 |    45 |    45 |       |       |       ||   123
         Acid dragon scale |       |       |       |     7 |       |       |       ||     7
         Swamp dragon scal |       |       |       |    10 |    86 |    82 |    24 ||   202
  Dodge: Dodged            |    67 |     9 |    65 |    73 |   111 |   138 |    38 ||   501
  Block: Other             |       |     2 |    22 |    28 |    31 |       |       ||    83
         Reflection        |       |     1 |     2 |     4 |    11 |    36 |       ||    54
         Buckler           |       |       |       |       |    11 |   128 |     9 ||   148

Table legend: (Time is in decaauts)
 A = Elapsed time spent in this place.
 B = Non-inter-level travel time spent in this place.
 C = Inter-level travel time spent in this place.
 D = Time resting spent in this place.
 E = Time spent auto-exploring this place.
 F = Levels seen in this place.
 G = Mean time per level.
                   A        B        C        D        E       F      G
               +--------+--------+--------+--------+--------+-----+--------+
         Total |  57159 |  54760 |   2399 |   4172 |  43398 |  37 | 1544.8 |
       Dungeon |  22452 |  21152 |   1300 |   1233 |  17142 |  15 | 1496.8 |
          Lair |   9426 |   8927 |    499 |    484 |   7324 |   5 | 1885.2 |
        Shoals |   7768 |   7662 |    106 |    708 |   6242 |   4 | 1942.0 |
     Snake Pit |   8609 |   8324 |    285 |    750 |   6608 |   4 | 2152.2 |
  Orcish Mines |   1848 |   1791 |     57 |      0 |   1384 |   2 |  924.0 |
        Vaults |   5292 |   5141 |    151 |    752 |   3517 |   4 | 1323.0 |
        Bazaar |    134 |    134 |      0 |    115 |      0 |   1 |  134.0 |
         Sewer |    946 |    946 |      0 |      0 |    779 |   1 |  946.0 |
      Ice Cave |    682 |    682 |      0 |    130 |    401 |   1 |  682.0 |
               +--------+--------+--------+--------+--------+-----+--------+

Top non-repeatable levels by time:
 Snake:4: 3194 daAuts
  Lair:5: 3010 daAuts
Shoals:3: 2609 daAuts
    D:10: 2442 daAuts
Vaults:1: 2416 daAuts
     D:9: 2409 daAuts
 Snake:3: 2140 daAuts
  Lair:4: 2130 daAuts
Vaults:2: 2027 daAuts
Shoals:4: 2024 daAuts
     D:8: 1888 daAuts
Shoals:1: 1784 daAuts
  Lair:2: 1727 daAuts
     D:5: 1704 daAuts
 Snake:1: 1657 daAuts
